 Dungeon Crawl Stone Soup version 0.28-a0-1213-g0243856f03 (webtiles) character file.

Game seed: 13306161057408489101

306 Gwenloh the Digger (level 6, -9/50 HPs)
             Began as a Ghoul Earth Elementalist on Dec 21, 2021.
             Mangled by an ogre (14 damage)
             ... on level 4 of the Dungeon.
             The game lasted 00:29:10 (6665 turns).

Gwenloh the Digger (Ghoul Earth Elementalist)       Turns: 6665, Time: 00:29:12

Health: -9/50      AC:  5    Str: 12    XL:     6   Next: 39%
Magic:  0/9        EV: 12    Int: 12    God:
Gold:   178        SH:  5    Dex:  9    Spells: 0/10 levels left

rFire   . . .      SeeInvis .   a - +3 quarterstaff
rCold   + . .      Faith    .   (shield currently unavailable)
rNeg    + + +      Spirit   .   w - +0 robe
rPois   ∞          Reflect  +   p - +0 helmet
rElec   .          Harm     .   (no cloak)
rCorr   .          Rampage  .   A - +0 pair of gloves
Will    +....                   x - +0 pair of boots
Stlth   ++........              j - amulet of reflection
HPRegen 0.00/turn               n - ring of willpower
MPRegen 0.11/turn               (no ring)

@: very slightly contaminated, inhibited regen
A: claws 1, cold resistance 1, negative energy resistance 3, inhibited
regeneration, torment resistance 2
a: no special abilities


You were on level 4 of the Dungeon.
You visited 1 branch of the dungeon, and saw 4 of its levels.

You collected 178 gold pieces.

Inventory:

Hand Weapons
 a - a +3 quarterstaff (weapon)
 b - a +0 vorpal shortbow
 e - a +0 dagger
 C - a +0 whip of electrocution
 D - a +0 hunting sling
Missiles
 c - 111 stones
 h - a throwing net
 s - 38 sling bullets
 E - 17 arrows
Armour
 p - a +0 helmet (worn)
 w - a +0 robe (worn)
 x - a +0 pair of boots (worn)
 A - a +0 pair of gloves (worn)
Jewellery
 f - an amulet of guardian spirit
 j - an amulet of reflection (around neck)
 n - a ring of willpower (left hand)
 y - the ring of Nivo {rF+ rC+ Dex+2}
   (You found it on level 4 of the Dungeon)

   [ring of protection from fire]

   Dex:       It affects your dexterity (+2).
   rF:        It protects you from fire.
   rC:        It protects you from cold.
Wands
 u - a wand of flame (23)
Scrolls
 d - 2 scrolls of identify {unknown}
 i - 3 scrolls of teleportation
 m - a scroll of summoning {unknown}
 q - a scroll of fear {unknown}
 v - a scroll of magic mapping {unknown}
 z - a scroll of vulnerability {unknown}
Potions
 g - a potion of mutation {unknown}
 k - 2 potions of brilliance {unknown}
 l - 2 potions of flight {unknown}
 o - a potion of degeneration {unknown}
 r - a potion of heal wounds {unknown}
 t - a potion of might {unknown}
 B - 2 potions of haste {unknown}


   Skills:
 + Level 2.8 Fighting
 - Level 1.7 Dodging
 - Level 2.1 Stealth
 + Level 2.9 Spellcasting
 + Level 1.7 Conjurations
 - Level 0.8 Transmutations
 * Level 5.5 Earth Magic


You couldn't memorise any spells.
You knew the following spells:

 Your Spells              Type           Power      Damage    Failure   Level
a - Sandblast             Erth           30%        2d9       2%          1
b - Stone Arrow           Conj/Erth      20%        3d8       17%         3
c - Passwall              Tmut/Erth      7%         N/A       10%         2
d - Petrify               Tmut/Erth      9%         N/A       54%         4

Your spell library contained the following spells:

 Spells                   Type           Power      Damage    Failure   Level


Dungeon Overview and Level Annotations

Branches:
Dungeon (4/15)
 Temple: D:4-7

Altars:

Annotations:
D:2 Sigmund
D:4 Grinder


Innate Abilities, Weirdness & Mutations

You thrive by killing the living.
You are immune to poison.
You have sharp fingernails.
Your flesh is cold resistant. (rC+)
You are immune to negative energy. (rN+++)
You do not regenerate when monsters are visible.
You are immune to unholy pain and torment.


Message History

The ogre is heavily wounded.
You shoot an arrow.
The arrow hits the ogre but does no damage.
The ogre is heavily wounded.
a - a +3 quarterstaff (weapon)
You block the ogre's attack.
Cast which spell? (? or * to list)
Aiming: Stone Arrow (dangerous; 17% risk of failure)
Press: ? - help, Shift-Dir - straight line, f/p - ogre
Aim: an ogre, wielding a +0 giant club (heavily wounded, 85% to hit)
The stone arrow misses the ogre.
Casting: Stone Arrow (dangerous; 17% risk of failure)
Confirm with . or Enter, or press ? or * to list all spells.
Aiming: Stone Arrow (dangerous; 17% risk of failure)
Press: ? - help, Shift-Dir - straight line, f/p - ogre
Aim: an ogre, wielding a +0 giant club (heavily wounded, 85% to hit)
You miscast Stone Arrow.
You are very lightly contaminated with residual magic.
Nothing appears to happen.
You block the ogre's attack.
Casting: Stone Arrow (dangerous; 17% risk of failure)
Confirm with . or Enter, or press ? or * to list all spells.
Aiming: Stone Arrow (dangerous; 17% risk of failure)
Press: ? - help, Shift-Dir - straight line, f/p - ogre
Aim: an ogre, wielding a +0 giant club (heavily wounded, 85% to hit)
You miscast Stone Arrow.
Nothing appears to happen.
The ogre hits you with a +0 giant club!!
Ouch! That really hurt!
You hit the ogre.
The ogre is severely wounded.
The ogre hits you with a +0 giant club!!
* * * LOW HITPOINT WARNING * * *
Casting: Stone Arrow (dangerous; 17% risk of failure)
Confirm with . or Enter, or press ? or * to list all spells.
Aiming: Sandblast (safe; 2% risk of failure)
Press: ? - help, Shift-Dir - straight line, f/p - ogre
Aim: an ogre, wielding a +0 giant club (severely wounded, 90% to hit)
The blast of sand hits the ogre.
The ogre is almost dead.
The ogre hits you with a +0 giant club!
You die...

######### ######### .......#
#.......# #.....#
###.......##########
#.....######................<..
#.....'...<#...................
#.....#....#...................
#.....#.......@O...............
###.....#..................(...$.
......###...................(..(.
#####.# #.......................(
# #.# #........................ #
#.# #.##.#........##########. #
#.# #.##.#........# #
#.###.##.#........#
#####.....##.#........#


You could see an ogre.

Vanquished Creatures
  A centaur (D:4)
  Jessica (D:3)
  An iguana (D:4)
  Robin (D:1)
  3 gnolls (D:2)
  2 adders
  3 worms
  2 dart slugs
  5 orcs
  4 bats
  8 endoplasms
  18 giant cockroaches
  18 goblins
  4 hobgoblins
  4 jackals (D:4)
  4 kobolds
  6 ball pythons
  2 frilled lizards (D:3)
  3 rats
90 creatures vanquished.

Notes
Turn   | Place    | Note
-------+----------+-------------------------------------------
     0 | D:1      | Gwenloh the Ghoul Earth Elementalist began the quest for
                  | the Orb.
     0 | D:1      | Reached XP level 1. HP: 14/14 MP: 2/2
   524 | D:1      | Reached XP level 2. HP: 22/22 MP: 0/3
   588 | D:1      | Learned a level 2 spell: Passwall
   964 | D:2      | Reached skill level 1 in Fighting
  1146 | D:2      | Noticed Robin
  1617 | D:2      | Reached XP level 3. HP: 28/28 MP: 3/5
  1621 | D:2      | Learned a level 3 spell: Stone Arrow
  1670 | D:2      | Reached skill level 4 in Earth Magic
  1675 | D:2      | Noticed Sigmund
  2010 | D:2      | Found a faded altar of an unknown god.
  2911 | D:2      | Reached XP level 4. HP: 29/35 MP: 2/6
  3536 | D:1      | Killed Robin
  3799 | D:3      | Reached skill level 1 in Conjurations
  4105 | D:3      | Reached XP level 5. HP: 38/41 MP: 7/7
  4965 | D:4      | Identified the ring of Nivo {rF+ rC+ Dex+2}
  5515 | D:3      | Noticed Jessica
  5527 | D:3      | Killed Jessica
  5528 | D:3      | Reached skill level 5 in Earth Magic
  5624 | D:3      | Noticed a black bear
  6250 | D:4      | Noticed Grinder
  6377 | D:4      | Noticed a centaur
  6438 | D:4      | Reached XP level 6. HP: 50/50 MP: 9/9
  6445 | D:4      | Learned a level 4 spell: Petrify
  6665 | D:4      | Mangled by an ogre

Illustrated notes

Levels and vault maps discovered:
D:1:      shiori_shiawase, layout_basic
D:2:      layout_basic, basic_ecumenical_altar, chequers_serial_rivers_room_b,
          uniq_robin, uniq_sigmund
D:3:      minmay_roachtagon, layout_basic, minmay_misc_feat_rows, uniq_jessica
D:4:      layout_basic, uniq_grinder

Skill      XL: |  1  2  3  4  5 |
---------------+----------------+-----
Spellcasting   | 2 |  2.9
Fighting       | 1 2 |  2.8
Earth Magic    | 4 5 |  5.5
Conjurations   | 1 |  1.7
Dodging        | |  1.7
Stealth        | |  2.1
Transmutations | |  0.8

Action                   |  1- 3 |  4- 6 || total
-------------------------+-------+-------++-------
Melee: Dagger            |   110 |   111 ||   221
       Whip              |       |    58 ||    58
       Quarterstaff      |       |     8 ||     8
 Fire: Hunting sling     |       |    48 ||    48
       Shortbow          |       |     6 ||     6
 Cast: Sandblast         |    31 |    40 ||    71
       Stone Arrow       |       |     2 ||     2
  Use: Scroll            |       |     1 ||     1
 Stab: Sleeping          |     2 |     2 ||     4
       Distracted        |     1 |       ||     1
Armor: Robe              |    20 |    37 ||    57
Dodge: Dodged            |    67 |   133 ||   200
Block: Other             |    10 |    69 ||    79
       Reflection        |     2 |       ||     2

Table legend: (Time is in decaauts)
 A = Elapsed time spent in this place.
 B = Non-inter-level travel time spent in this place.
 C = Inter-level travel time spent in this place.
 D = Time resting spent in this place.
 E = Time spent auto-exploring this place.
 F = Levels seen in this place.
 G = Mean time per level.
                   A        B        C        D        E       F      G
               +--------+--------+--------+--------+--------+-----+--------+
         Total |   6687 |   6348 |    339 |   2066 |   1405 |   4 | 1671.8 |
       Dungeon |   6687 |   6348 |    339 |   2066 |   1405 |   4 | 1671.8 |
               +--------+--------+--------+--------+--------+-----+--------+

Top non-repeatable levels by time:
     D:2: 2009 daAuts
     D:1: 1870 daAuts
     D:3: 1836 daAuts
     D:4: 971 daAuts
